 Dungeon Crawl Stone Soup version 0.29-a0-330-g52719c12eb (webtiles) character file.

Game seed: 17471085737522676032

1342 tilp the Thaumaturge (level 8, 0/58 HPs)
             Began as a Gnoll Hedge Wizard on May 1, 2022.
             Was a Follower of Nemelex Xobeh.
             Slain by an orc priest
             ... wielding a +0 dagger
              (2 damage)
             ... on level 6 of the Dungeon.
             The game lasted 00:13:03 (6659 turns).

tilp the Thaumaturge (Gnoll Hedge Wizard)           Turns: 6659, Time: 00:13:03

Health: 0/58       AC: 10    Str: 10    XL:     8   Next: 62%
Magic:  20/20      EV: 14    Int: 18    God:    Nemelex Xobeh [*.....]
Gold:   139        SH:  0    Dex: 17    Spells: 15/23 levels left

rFire   . . .      SeeInvis .   a - +2 rapier (elec)
rCold   . . .      Faith    .   (no shield)
rNeg    . . .      Spirit   .   v - +1 leather armour "Tuosoot" {Int+2 Dex+6}
rPois   .          Reflect  .   q - +2 hat
rElec   .          Harm     .   F - +2 cloak
rCorr   .          Rampage  .   u - +0 pair of gloves
Will    .....                   (no boots)
Stlth   +++.......              (no amulet)
HPRegen 0.19/turn               (no ring)
MPRegen 0.17/turn               (no ring)

@: no status effects
A: fangs 1, strong nose, distributed training
a: Renounce Religion, Draw Escape, Draw Destruction, Draw Summoning


You were on level 6 of the Dungeon.
You worshipped Nemelex Xobeh.
Nemelex Xobeh was aware of your devotion.
You visited 2 branches of the dungeon, and saw 7 of its levels.
You also visited: Sewer.

You collected 381 gold pieces.
You spent 242 gold pieces at shops.

Inventory:

Hand Weapons
 a - a +2 rapier of electrocution (weapon)
 b - a +0 hand axe of freezing
 c - a +0 dagger of draining
 m - a +0 hunting sling
 w - a +0 dagger of venom
 z - a +4 vampiric long sword
Missiles
 g - 209 stones
 i - 4 javelins
 l - 25 poisoned darts (quivered)
 n - 2 throwing nets
Armour
 f - a +0 robe
 k - a +3 ring mail of cold resistance
 q - a +2 hat (worn)
 u - a +0 pair of gloves (worn)
 v - the +1 leather armour "Tuosoot" (worn) {Int+2 Dex+6}
   (You bought it in a shop on level 2 of the Dungeon)

   Int:       It affects your intelligence (+2).
   Dex:       It affects your dexterity (+6).
 F - a +2 cloak (worn)
Magical Staves
 s - a staff of air
Jewellery
 p - a ring of fire
Wands
 o - a wand of acid (11)
 C - a wand of flame (16)
Scrolls
 y - 6 scrolls of teleportation
 A - a scroll of immolation
 D - 3 scrolls of identify
 E - 3 scrolls of blinking
Potions
 d - 3 potions of magic
 e - 2 potions of curing
 h - a potion of invisibility
 j - a potion of heal wounds
 r - 3 potions of haste {unknown}
 t - 2 potions of attraction {unknown}
 x - a potion of might {unknown}
 B - 3 potions of degeneration {unknown}


   Skills:
 + Level 3.4 Fighting
 + Level 3.4 Short Blades
 + Level 3.4 Long Blades
 + Level 3.4 Axes
 + Level 3.4 Maces & Flails
 + Level 3.4 Polearms
 + Level 3.4 Staves
 + Level 3.4 Slings
 + Level 3.4 Bows
 + Level 3.4 Crossbows
 + Level 3.4 Throwing
 + Level 3.4 Armour
 + Level 5.8 Dodging
 + Level 5.4 Stealth
 + Level 3.4 Shields
 + Level 3.4 Unarmed Combat
 + Level 8.0 Spellcasting
 + Level 3.6 Conjurations
 + Level 2.8 Hexes
 + Level 3.6 Summonings
 + Level 2.8 Necromancy
 + Level 3.6 Translocations
 + Level 2.8 Transmutations
 + Level 2.8 Fire Magic
 + Level 2.8 Ice Magic
 + Level 2.8 Air Magic
 + Level 2.8 Earth Magic
 + Level 2.8 Poison Magic
 + Level 3.8 Invocations
 + Level 3.4 Evocations


You had 15 spell levels left.
You knew the following spells:

 Your Spells              Type           Power      Damage    Failure   Level
a - Magic Dart            Conj           80%        1d7       3%          1
b - Blink                 Tloc           40%        N/A       4%          2
c - Mephitic Cloud        Conj/Pois/Air  18%        N/A       11%         3
d - Poisonous Vapours     Pois/Air       34%        N/A       6%          2

Your spell library contained the following spells:

 Spells                   Type           Power      Damage    Failure   Level
 Apportation              Tloc           40%        N/A       3%          1
 Summon Small Mammal      Summ           80%        N/A       3%          1
 Animate Skeleton         Necr           34%        N/A       4%          1
 Slow                     Hex            68%        N/A       4%          1
 Sting                    Tmut/Pois      68%        1d6       4%          1
 Call Imp                 Summ           20%        N/A       4%          2
 Call Canine Familiar     Summ           20%        N/A       9%          3
 Conjure Flame            Conj/Fire      18%        6-21      11%         3
 Portal Projectile        Hex/Tloc       36%        N/A       11%         3
 Leda's Liquefaction      Hex/Erth       8%         N/A       36%         4
 Olgreb's Toxic Radiance  Pois           17%        N/A       36%         4


Dungeon Overview and Level Annotations

Branches:
Dungeon (6/15)             Temple (1/1) D:4           Sewer (visited)

Altars:
Ashenzari
Cheibriados
Dithmenos
Elyvilon
Fedhas
Gozag
Hepliaklqana
Kikubaaqudgha
Nemelex Xobeh
Qazlal
Ru
Sif Muna
Uskayaw
Vehumet
Xom
Yredelemnul
Zin
The Shining One

Shops:
D:2 [   D:4 **(*(

Annotations:
D:2 exclusion: necrophage
D:6 1 runed translucent door, Sigmund; benappo's ghost, novice DjWz


Innate Abilities, Weirdness & Mutations

You have very sharp teeth.
Your uncanny sense of smell can sniff out nearby items.
Your experience applies equally to all skills.


Message History

The orc priest is lightly wounded.
The orc priest closely misses you.
You hit the orc priest.
You bite the orc priest, but do no damage.
The orc priest is lightly wounded.
The orc priest hits you but does no damage.
You barely miss the orc priest.
The orc priest is lightly wounded.
The orc priest hits you with a +0 dagger.
* * * LOW HITPOINT WARNING * * *
You closely miss the orc priest.
The orc priest is lightly wounded.
The orc priest closely misses you.
You barely miss the orc priest.
The orc priest is lightly wounded.
The orc priest hits you but does no damage.
You feel much better.
The orc priest looks encouraged for a moment.
You hit the orc priest.
The orc priest is lightly wounded.
The orc priest calls down the wrath of Beogh upon you.
Beogh smites you!
You puncture the orc priest!
The orc priest is severely wounded.
The orc priest calls down the wrath of Beogh upon you.
Pain shoots through your body!
* * * LOW HITPOINT WARNING * * *
You closely miss the orc priest.
The orc priest is severely wounded.
The orc priest hits you but does no damage.
You hit the orc priest but do no damage.
The orc priest is severely wounded.
The orc priest calls down the wrath of Beogh upon you.
Beogh smites you!
* * * LOW HITPOINT WARNING * * *
You hit the orc priest but do no damage.
The orc priest is severely wounded.
The orc priest hits you with a +0 dagger.
You die...
Your body glows slightly and disappears.

#.............#♣8♣#
######.###.####?W.# ##
#.#.....###+### ..
#.#.....+........
#.'.....# ....#.# .#
###.....#
#.#.#.####.... #.....#
#.#..........#
#.....###............#
#.....@o{#..#÷.≈#....##
##...###....≈≈≈≈≈.....#
#...# #..#≈≈≈≈≈≈≈#.#.#
#...# #...≈≈≈≈≈≈≈..#.#
##### #...≈≈≈.≈≈≈....#
##..≈≈≈≈≈≈≈....#
#.#≈≈≈≈≈≈≈#.#.
#...≈≈≈≈≈...#.#
##..#..≈#......


You could see an orc priest.

Vanquished Creatures
  A hornet (D:4)
  Eustachio (D:4)
  A sky beast (D:5)
  A phantom (D:5)
  2 scorpions
  A bullfrog (Sewer)
  4 hounds (D:5)
  An orc priest (D:6)
  A gnoll shaman (D:4)
  2 orc wizards (D:6)
  Jessica (D:2)
  2 iguanas
  Terence (D:2)
  10 adders
  12 gnolls
  An ufetubus (D:5)
  6 worms
  5 dart slugs (D:3)
  6 orcs
  11 endoplasms
  10 giant cockroaches
  7 goblins
  5 hobgoblins
  2 jackals (D:3)
  8 kobolds
  6 quokkas
  8 ball pythons
  2 bats
  10 frilled lizards
  4 rats
132 creatures vanquished.

Vanquished Creatures (others)
  7 plants (D:4)
  4 toadstools (D:1)
11 creatures vanquished.

Grand Total: 143 creatures vanquished

Notes
Turn   | Place    | Note
-------+----------+-------------------------------------------
     0 | D:1      | tilp the Gnoll Hedge Wizard began the quest for the Orb.
     0 | D:1      | Reached XP level 1. HP: 13/13 MP: 8/8
   180 | D:1      | Reached XP level 2. HP: 19/19 MP: 6/10
   255 | D:1      | Found a faded altar of an unknown god.
   743 | D:2      | Noticed Terence
  1002 | D:2      | Reached XP level 3. HP: 25/25 MP: 7/11
  1032 | D:2      | Reached skill level 1 in Invocations
  1324 | D:2      | Reached skill level 1 in Fighting
  1324 | D:2      | Reached skill level 1 in Short Blades
  1324 | D:2      | Reached skill level 1 in Long Blades
  1324 | D:2      | Reached skill level 1 in Axes
  1324 | D:2      | Reached skill level 1 in Maces & Flails
  1324 | D:2      | Reached skill level 1 in Polearms
  1324 | D:2      | Reached skill level 1 in Staves
  1324 | D:2      | Reached skill level 1 in Slings
  1324 | D:2      | Reached skill level 1 in Bows
  1324 | D:2      | Reached skill level 1 in Crossbows
  1324 | D:2      | Reached skill level 1 in Throwing
  1324 | D:2      | Reached skill level 1 in Armour
  1324 | D:2      | Reached skill level 1 in Shields
  1324 | D:2      | Reached skill level 1 in Unarmed Combat
  1324 | D:2      | Reached skill level 1 in Evocations
  1387 | D:2      | Noticed Jessica
  1392 | D:2      | Reached XP level 4. HP: 32/32 MP: 9/13
  1411 | D:2      | Killed Jessica
  1510 | D:2      | Reached skill level 1 in Hexes
  1510 | D:2      | Reached skill level 1 in Necromancy
  1510 | D:2      | Reached skill level 1 in Transmutations
  1510 | D:2      | Reached skill level 1 in Fire Magic
  1510 | D:2      | Reached skill level 1 in Ice Magic
  1510 | D:2      | Reached skill level 1 in Air Magic
  1510 | D:2      | Reached skill level 1 in Earth Magic
  1510 | D:2      | Reached skill level 1 in Poison Magic
  1626 | D:2      | Noticed a necrophage
  1721 | D:2      | Killed Terence
  1722 | D:2      | Reached XP level 5. HP: 25/37 MP: 9/14
  1874 | D:2      | Found Ysanul's Antique Armour Emporium.
  2178 | D:3      | Learned a level 2 spell: Blink
  3209 | D:3      | Reached XP level 6. HP: 44/44 MP: 13/16
  3445 | D:4      | Reached skill level 5 in Dodging
  3731 | D:4      | Found Koiredah's Assorted Antiques.
  3748 | D:4      | Found Ythievudd's Antique Weapon Boutique.
  4000 | D:2      | Bought a bronze leather armour for 224 gold pieces
  4000 | D:2      | Identified the +1 leather armour "Tuosoot" {Int+2 Dex+6}
                  | (You bought it in a shop on level 2 of the Dungeon)
  4053 | D:4      | Reached XP level 7. HP: 50/50 MP: 18/18
  4081 | D:4      | Noticed a hornet
  4089 | D:4      | Learned a level 3 spell: Mephitic Cloud
  4092 | D:4      | Noticed Eustachio
  4099 | D:4      | Killed Eustachio
  4113 | D:4      | Paralysed by a hornet for 1 turns
  4118 | D:4      | Killed a hornet
  4119 | D:4      | Reached skill level 5 in Stealth
  4245 | D:4      | Found Uraducla's General Store.
  4263 | D:4      | Found a staircase to the Ecumenical Temple.
  4392 | D:4      | Found Fouk's Antique Weapon Shop.
  4521 | Temple   | Entered the Ecumenical Temple
  4659 | Temple   | Became a worshipper of Nemelex Xobeh the Trickster
  4775 | D:4      | Found Piushot's Assorted Antiques.
  4967 | D:4      | Bought a fizzy orange potion for 18 gold pieces
  5001 | D:5      | Entered Level 5 of the Dungeon
  5043 | D:5      | Reached XP level 8. HP: 55/57 MP: 19/19
  5471 | D:5      | Reached * piety under Nemelex Xobeh
  5604 | D:6      | Noticed Sigmund
  5724 | D:6      | HP: 1/58 [orc priest/nerve-wracking pain (14)]
  5806 | D:6      | Found a glowing drain.
  5807 | D:6      | Found a runed translucent door.
  5837 | D:6      | Received a gift from Nemelex Xobeh
  5845 | Sewer    | Entered a sewer
  6101 | Sewer    | Learned a level 2 spell: Poisonous Vapours
  6385 | Sewer    | Reached skill level 8 in Spellcasting
  6640 | D:6      | Noticed benappo's ghost (novice DjWz)
  6658 | D:6      | HP: 2/58 [orc priest/divine providence (11)]
  6659 | D:6      | Slain by an orc priest

Illustrated notes

Levels and vault maps discovered:
D:1:      dpeg_arrival_pond, layout_rooms,
          shapermc_ecumenical_altar_totnotflames, minmay_gold_behind_fungi,
          amcnicky_mini_rare_corridor_liquid
D:2:      layout_rooms, serial_shops, shop_statue, uniq_jessica, uniq_terence
D:3:      kennysheep_slugbush, layout_rooms, nrook_mini_vaults,
          nicolae_concentric_dashed_squares_wild
D:4:      layout_loops_ring, minmay_temple_entry_gardened_gates, serial_shops,
          nicolae_shop_overgrown_old_shop, shop, shop, nicolae_shop_trees,
          shop_statue, minmay_surrounded, uniq_eustachio
D:5:      nicolae_cairo_tiling, layout_cave_pools
D:6:      layout_basic, cheibrodos_sewer_entry_drain, gammafunk_ghost_grave,
          uniq_sigmund
Temple:   mainiacjoe_temple_coin_purse

Skill      XL: |  1  2  3  4  5  6  7  8 |
---------------+-------------------------+-----
Conjurations   | 2 3 |  3.6
Summonings     | 2 3 |  3.6
Translocations | 2 3 |  3.6
Invocations    | 1 2 3 |  3.8
Fighting       | 1 2 3 |  3.4
Short Blades   | 1 2 3 |  3.4
Long Blades    | 1 2 3 |  3.4
Axes           | 1 2 3 |  3.4
Maces & Flails | 1 2 3 |  3.4
Polearms       | 1 2 3 |  3.4
Staves         | 1 2 3 |  3.4
Slings         | 1 2 3 |  3.4
Bows           | 1 2 3 |  3.4
Crossbows      | 1 2 3 |  3.4
Throwing       | 1 2 3 |  3.4
Armour         | 1 2 3 |  3.4
Shields        | 1 2 3 |  3.4
Unarmed Combat | 1 2 3 |  3.4
Evocations     | 1 2 3 |  3.4
Hexes          | 1 2 |  2.8
Necromancy     | 1 2 |  2.8
Transmutations | 1 2 |  2.8
Fire Magic     | 1 2 |  2.8
Ice Magic      | 1 2 |  2.8
Air Magic      | 1 2 |  2.8
Earth Magic    | 1 2 |  2.8
Poison Magic   | 1 2 |  2.8
Dodging        | 5 |  5.8
Stealth        | 5 |  5.4
Spellcasting   | 8 |  8.0

Action                   |  1- 3 |  4- 6 |  7- 9 || total
-------------------------+-------+-------+-------++-------
Melee: Dagger            |    22 |   116 |     7 ||   145
       Bite              |       |    17 |    11 ||    28
       Punch             |       |     1 |     4 ||     5
       Rapier            |       |       |    83 ||    83
       Hand axe          |       |       |    17 ||    17
 Cast: Magic Dart        |    59 |   102 |    66 ||   227
  Use: Scroll            |     3 |     5 |     2 ||    10
       Potion            |       |       |     4 ||     4
 Stab: Sleeping          |       |     2 |     6 ||     8
       Invisible         |       |       |     1 ||     1
Armor: Robe              |     2 |       |       ||     2
       Ring mail         |    10 |    24 |       ||    34
       Leather armour    |       |       |    24 ||    24
Dodge: Dodged            |    14 |    56 |    74 ||   144

Table legend: (Time is in decaauts)
 A = Elapsed time spent in this place.
 B = Non-inter-level travel time spent in this place.
 C = Inter-level travel time spent in this place.
 D = Time resting spent in this place.
 E = Time spent auto-exploring this place.
 F = Levels seen in this place.
 G = Mean time per level.
                   A        B        C        D        E       F      G
               +--------+--------+--------+--------+--------+-----+--------+
         Total |   6759 |   6392 |    367 |   1149 |   3932 |   8 |  844.9 |
       Dungeon |   5645 |   5308 |    337 |    933 |   3184 |   6 |  940.8 |
        Temple |    249 |    219 |     30 |    100 |    102 |   1 |  249.0 |
         Sewer |    864 |    864 |      0 |    116 |    645 |   1 |  864.0 |
               +--------+--------+--------+--------+--------+-----+--------+

Top non-repeatable levels by time:
     D:3: 1478 daAuts
     D:2: 1191 daAuts
     D:1: 1058 daAuts
     D:4: 1031 daAuts
   Sewer: 864 daAuts
     D:5: 612 daAuts
     D:6: 273 daAuts
  Temple: 249 daAuts
